[Event "Deloitte NK 2021 Vrouwen"]
[Site "Hoogeveen, Netherlands"]
[Date "2021.10.17"]
[Round "1.4"]
[White "Haast, Anne"]
[Black "Peng, Zhaoqin"]
[Result "1/2-1/2"]
[TimeControl "90min/40moves + 30min + 30sec/move"]
[WhiteElo "2318"]
[BlackElo "2359"]

1. e4 e6 2. d4 d5 3. Nc3 Bb4 4. e5 c5 5. a3 Bxc3+ 6. bxc3 Qa5 7. Bd2 Qa4 8. Nf3 b6 9. Qb1 Ba6 10.
Bxa6 Qxa6 11. a4 Ne7 12. Qb5+ Qxb5 13. axb5 O-O 14. Ra2 cxd4 15. cxd4 a5 16. Bb4 Ra7 17. Kd2 Rc8 18. g4 Ng6 19.
Bd6 Nd7 20. h4 f6 21. h5 Nh8 22. Re1 Nf7 23. c3 Nxd6 24. exd6 Nf8 25. g5 Rd7 26. h6 fxg5 27. hxg7 Kxg7 28. Nxg5 Rxd6 29. Rh1 h6 30. Nf3 Ng6 31. Raa1 Rf8 32.
Ke3 Ne7 33. Rag1+ Kf7 34. Ne5+ Ke8 35. f3 Rd8 36. Kd3 Rg8 37. Re1 Nf5 38. Ng4 Rg6 39. Rh5 Kf8 40. Re5 Kg7 41. Re1 Rc8 42.
Rh3 Nd6 43. Rxh6 Rxh6 44. Nxh6 Nxb5 45. Rxe6 Rxc3+ 46. Kd2 Rxf3 47. Rxb6 Nxd4 48. Ng4 Ra3 49. Ne3 Nf3+ 50. Ke2 Ng1+ 51.
Kd2 Nf3+ 52. Ke2 d4 53. Nc4 Rc3 54. Nxa5 Ne5 55. Nb3 d3+ 56. Kd1 Nc4 57. Rb7+ Kg6 58. Nc1 d2 59. Nb3 Rd3 60.
Nxd2 Rxd2+ 61. Kc1 Rh2 62. Rc7 Ne5 63. Rc8 Kf5 64. Kb1 Ke4 65. Rd8 Nc6 66. Rg8 Nd4 67. Rg4+ Kd3 68. Rg3+ Kc4 69. Rg4 Rf2 70. Rh4 Kb3 71.
Kc1 Kc3 72. Kb1 Rf1+ 73. Ka2 Rf2+ 74. Ka3 Rf8 75. Ka2 Ra8+ 76. Kb1 Rb8+ 77. Kc1 Rg8 78. Rh3+ Kc4 79. Rh4 Rg2 80. Kb1 Rf2 81.
Rh8 Nb5 82. Kc1 Nd4 83. Kb1 Kc3 84. Rc8+ Kd3 85. Rh8 Nb5 86. Rh3+ Kc4 87. Kc1 Rg2 88. Rh8 Nc3 89. Rc8+ Kd4 90.
Rc4+ Kd3 91. Rd4+ Ke3 92. Rd3+ Kxd3 93. Kd1 1/2-1/2